 Dungeon Crawl Stone Soup version 0.22-a0-161-g198051c (webtiles) character file.

2361 b5mith the Carver (level 9, -9/79 HPs)
             Began as a Minotaur Fighter on Feb 11, 2018.
             Mangled by a hornet (10 damage)
             ... while paralysed by a hornet
             ... on level 9 of the Dungeon.
             The game lasted 00:25:39 (6289 turns).

b5mith the Carver (Minotaur Fighter)                Turns: 6289, Time: 00:25:40

Health: -9/79      AC: 10    Str: 21    XL:     9   Next: 21%
Magic:  8/8        EV:  2    Int:  5    God:
Gold:   219        SH:  0    Dex: 20    Spells: 8/8 levels left

rFire    . . .     SeeInvis .   a - +1 long sword
rCold    . . .     Gourm    .   z - +2 large shield
rNeg     . . .     Faith    .   x - +0 chain mail
rPois    .         Spirit   .   (helmet restricted)
rElec    .         Reflect  .   e - scarf {repulsion}
rCorr    .         Harm     .   (no gloves)
MR       .....                  (no boots)
Stlth    ..........             (no amulet)
HPRegen  0.23/turn              g - +2 ring of evasion
MPRegen  0.11/turn              C - +2 ring of dexterity

@: paralysed, agile, lethally poisoned (-9 -> -34), slowed, repel missiles
A: retaliatory headbutt, horns 2
a: no special abilities


You were on level 9 of the Dungeon.
You were not hungry.

You visited 1 branch of the dungeon, and saw 9 of its levels.

You collected 301 gold pieces.
You spent 82 gold pieces at shops.

Inventory:

Hand Weapons
 a - a +1 long sword (weapon)
Missiles
 m - 235 stones (quivered)
Armour
 b - a +0 scale mail
 c - a +0 shield
 e - a scarf of repulsion (worn)
 x - a +0 chain mail (worn)
 z - a +2 large shield (worn)
Jewellery
 g - a +2 ring of evasion (left hand)
 C - a +2 ring of dexterity (right hand)
Wands
 i - a wand of flame (14)
 p - a wand of polymorph (22)
 A - a wand of iceblast (24)
Scrolls
 d - a scroll of fog {unknown}
 h - a scroll of acquirement {unknown}
 j - 3 scrolls of teleportation
 k - 4 scrolls of amnesia
 r - a scroll of enchant armour {unknown}
 s - 2 scrolls of enchant weapon
 v - 2 scrolls of remove curse {@r2}
 y - a scroll of immolation {unknown}
 D - a scroll of torment {unknown}
 E - a scroll of identify {@r1}
Potions
 l - 4 potions of degeneration
 n - a potion of ambrosia {unknown}
 o - a potion of curing {@q1}
 q - a potion of resistance {unknown}
 t - a potion of mutation {unknown}
 u - a potion of haste
 w - a potion of agility
 B - a potion of lignification {unknown}
Comestibles
 f - 10 rations


   Skills:
 + Level 7.0 Fighting
 * Level 9.0 Long Blades
 + Level 4.8 Throwing
 + Level 7.0 Armour
 + Level 7.0 Shields


You had 8 spell levels left.
You didn't know any spells.

Dungeon Overview and Level Annotations

Branches:
Dungeon (9/15)             Temple (0/1) D:7
   Lair: D:8-11         Orc: D:9-12

Altars:
Ashenzari
Cheibriados
Dithmenos
Elyvilon
Hepliaklqana
Ru
Vehumet
Yredelemnul
The Shining One

Shops:
D:6 =

Annotations:
D:5 Caerwyn's ghost, novice GnWn


Innate Abilities, Weirdness & Mutations

You reflexively headbutt those who attack you in melee.
You have a pair of horns on your head.


Message History

You feel agile all of a sudden.
You feel yourself speed up.
You feel sick. You block the hornet's attack.
The hornet stings you but does no damage.
The orc priest looks satisfied for a moment.
Aiming: Polymorph
Press: ? - help, Shift-Dir - straight line, f - orc priest
Aim: an orc priest, wielding a dagger (chance to defeat MR: 46%)
The orc priest resists with some effort.
You feel sick. The hornet stings you!
* * * LOW HITPOINT WARNING * * *
You are more poisoned.
You suddenly lose the ability to move!
The hornet stings you.
* * * LOW HITPOINT WARNING * * *
You are more poisoned.
You feel yourself slow down.
* * * LOW HITPOINT WARNING * * *
You feel sick. The orc hits you but does no damage.
The orc priest hits you but does no damage.
The hornet stings you!
You die...

##### #....
..... ##...
##...H#
#......##
#.......#
#.....o@#
......y.o#
.......o.#
.....<....
..........#
...........
...........#
...........#


You could see a hippogriff, a hornet, 2 orc priests and an orc.

Vanquished Creatures
  A hornet (D:8)
  Sigmund (D:3)
  Purgy (D:3)
  A sky beast (D:6)
  A black bear (D:7)
  2 orc warriors
  3 ogres
  A centaur (D:5)
  3 bullfrogs
  3 crimson imps
  6 hounds
  5 orc wizards
  A bullfrog skeleton (D:5)
  3 orc priests
  6 worker ants
  2 hound skeletons (D:7)
  Robin (D:2)
  3 gnolls (D:6)
  9 adders
  An adder zombie (D:6)
  A dart slug (D:1)
  2 leopard geckos
  25 orcs
  5 giant cockroaches
  17 goblins
  15 hobgoblins
  7 jackals
  16 kobolds
  4 quokkas
  7 bats
  3 frilled lizards
  A jackal skeleton (D:6)
  A quokka zombie (D:5)
  4 rats
162 creatures vanquished.

Vanquished Creatures (others)
  A sky beast (D:6)
1 creature vanquished.

Grand Total: 163 creatures vanquished

Notes
Turn   | Place    | Note
-------+----------+-------------------------------------------
     0 | D:1      | b5mith the Minotaur Fighter began the quest for the Orb.
     0 | D:1      | Reached XP level 1. HP: 19/19 MP: 0/0
    38 | D:1      | Reached XP level 2. HP: 25/27 MP: 1/1
   245 | D:1      | Reached skill level 3 in Long Blades
   552 | D:2      | Reached XP level 3. HP: 33/33 MP: 2/2
   640 | D:2      | Noticed Robin
   641 | D:2      | Reached skill level 1 in Throwing
   650 | D:2      | Killed Robin
   893 | D:2      | Found a glowing golden altar of the Shining One.
   895 | D:2      | Found a shattered altar of Ashenzari.
  1481 | D:2      | Found a hazy altar of Hepliaklqana.
  1485 | D:2      | Reached XP level 4. HP: 40/40 MP: 3/3
  1601 | D:3      | Noticed Sigmund
  1906 | D:3      | Killed Sigmund
  1906 | D:3      | Reached skill level 4 in Long Blades
  1906 | D:3      | Reached XP level 5. HP: 37/47 MP: 4/4
  2016 | D:3      | Reached XP level 6. HP: 49/53 MP: 5/5
  2038 | D:3      | Found a sacrificial altar of Ru.
  2068 | D:3      | Noticed Purgy
  2075 | D:3      | Killed Purgy
  2075 | D:3      | Reached skill level 5 in Long Blades
  2172 | D:3      | Reached skill level 5 in Shields
  2440 | D:4      | Reached skill level 5 in Fighting
  2440 | D:4      | Reached skill level 5 in Armour
  2508 | D:4      | Reached XP level 7. HP: 53/61 MP: 6/6
  2602 | D:4      | Found a radiant altar of Vehumet.
  2802 | D:4      | Reached skill level 6 in Long Blades
  2930 | D:5      | Entered Level 5 of the Dungeon
  3021 | D:5      | Found a snail-covered altar of Cheibriados.
  3693 | D:5      | Reached XP level 8. HP: 69/70 MP: 7/7
  3799 | D:5      | Noticed Caerwyn's ghost (novice GnWn)
  3882 | D:7      | Reached skill level 7 in Long Blades
  4135 | D:7      | Found a staircase to the Ecumenical Temple.
  4496 | D:7      | Found a basalt altar of Yredelemnul.
  5262 | D:6      | Reached skill level 8 in Long Blades
  5358 | D:6      | Found Plog's Jewellery Emporium.
  5360 | D:6      | Found the +7 Spriggan's Knife {MR+ EV+4 Dex+4 Stlth+}
  5363 | D:6      | Bought a +2 ring of dexterity for 82 gold pieces
  5455 | D:6      | Reached XP level 9. HP: 56/78 MP: 8/8
  6054 | D:6      | Found a shadowy altar of Dithmenos.
  6060 | D:6      | Found a white marble altar of Elyvilon.
  6251 | D:8      | Paralysed by a hornet for 2 turns
  6255 | D:8      | Reached skill level 9 in Long Blades
  6277 | D:8      | Noticed a two-headed ogre
  6288 | D:9      | Paralysed by a hornet for 2 turns
  6288 | D:9      | HP: 3/79 [hornet (1)]
  6289 | D:9      | HP: 1/79 [poisoned by a hornet]
  6289 | D:9      | Mangled by a hornet

Vault maps used:
D:1:      dpeg_arrival_rooms_with_view
D:2:      marbit_many_paths, nicolae_overflow_hidden_temple, first_ration,
          uniq_robin
D:3:      hangedman_ru_absence, minmay_misc_feat_doors,
          kennysheep_generic_room_4, uniq_sigmund, uniq_purgy
D:4:      kennysheep_big_flooded_room, vehumet_crystals
D:5:      cheibriados_altar_1, corexii_leaking_fountain
D:6:      amethyst_overflow_temple_binary, serial_shops, nicolae_shop_stone,
          hangedman_abyss_or_decor_passed, grunt_decor_resistance,
          minmay_door_square
D:7:      corexii_shantytown, kennysheep_mini_moat
D:8:      grunt_qazlal_clouds, serial_shops, nicolae_shop_crystal, basic_altar,
          hangedman_little_slice_of_home
D:9:      grunt_temple_overflow_opulence, tgw_trog

Skill      XL: |  1  2  3  4  5  6  7  8  9 |
---------------+----------------------------+-----
Long Blades    | 3 4 5 6 8 9 |  9.0
Shields        | 4 5 6 7 |  7.0
Throwing       | 1 2 3 4 |  4.8
Armour         | 4 5 6 7 |  7.0
Fighting       | 4 5 6 7 |  7.0

Action                   |  1- 3 |  4- 6 |  7- 9 || total
-------------------------+-------+-------+-------++-------
Melee: Long sword        |    92 |    97 |   269 ||   458
       Headbutt          |    16 |    19 |    53 ||    88
Throw: Stone             |    57 |    65 |   150 ||   272
Evoke: Wand              |       |     6 |     2 ||     8
  Use: Scroll            |     2 |       |     6 ||     8
       Potion            |     1 |     1 |     6 ||     8
  Eat: Ration            |     1 |     1 |     3 ||     5
       Chunk             |       |     1 |       ||     1
Armor: Scale mail        |    34 |    44 |    61 ||   139
       Chain mail        |       |       |    62 ||    62
Dodge: Dodged            |    23 |    32 |    63 ||   118
       Deflected         |     2 |     1 |     3 ||     6
Block: Shield            |    50 |    56 |    85 ||   191
       Large shield      |       |       |   115 ||   115
       Rpst.: Long sword |     3 |     8 |    12 ||    23

Table legend:
 A = Spawn XP
 B = Non-spawn XP
 C = Spawn XP percentage of total XP
 D = Spawn monster count
 E = Non-spawn monster count
 F = Spawn count percentage of total count
 G = Total turns spent on level
                    A         B        C        D         E        F      G
               +---------+---------+-------+---------+---------+-------+---------
         Total |       0 |    3373 |   0.0 |       0 |     163 |   0.0 |  6289
               +---------+---------+-------+---------+---------+-------+---------
           D:1 |       0 |      38 |   0.0 |       0 |      21 |   0.0 |   521
           D:2 |       0 |      61 |   0.0 |       0 |      22 |   0.0 |  1011
           D:3 |       0 |     535 |   0.0 |       0 |      30 |   0.0 |   580
           D:4 |       0 |     266 |   0.0 |       0 |      19 |   0.0 |   825
           D:5 |       0 |     533 |   0.0 |       0 |      10 |   0.0 |   902
           D:6 |       0 |     922 |   0.0 |       0 |      26 |   0.0 |   885
           D:7 |       0 |     730 |   0.0 |       0 |      34 |   0.0 |  1518
           D:8 |       0 |     288 |   0.0 |       0 |       1 |   0.0 |    44
               +---------+---------+-------+---------+---------+-------+---------
